 Dungeon Crawl Stone Soup version 0.28.0-45-g0d030f2227 (webtiles) character file.

Game seed: 17094812648698000358

214 pkoi the Shooter (level 5, -3/41 HPs)
             Began as a Demigod Hunter on Apr 22, 2022.
             Slain by an ogre
             ... wielding a +0 giant club
              (20 damage)
             ... on level 3 of the Dungeon.
             The game lasted 00:05:31 (4498 turns).

pkoi the Shooter (Demigod Hunter)                   Turns: 4498, Time: 00:05:32

Health: -3/41      AC:  5    Str: 13    XL:     5   Next: 33%
Magic:  10/10      EV: 11    Int: 17    God:
Gold:   113        SH:  0    Dex: 14    Spells: 5/7 levels left

rFire   . . .      SeeInvis .   a - +1 shortbow
rCold   . . .      Faith    .   (shield currently unavailable)
rNeg    . . .      Spirit   .   c - +0 leather armour
rPois   .          Reflect  .   n - +0 helmet
rElec   .          Harm     .   (no cloak)
rCorr   .          Rampage  .   m - +0 pair of gloves
Will    .....                   (no boots)
Stlth   +.........              (no amulet)
HPRegen 0.13/turn               (no ring)
MPRegen 0.12/turn               (no ring)

@: no status effects
A: high MP 1, forlorn, divine attributes
a: no special abilities


You were on level 3 of the Dungeon.
You visited 1 branch of the dungeon, and saw 4 of its levels.

You collected 113 gold pieces.

Inventory:

Hand Weapons
 a - a +1 shortbow (weapon)
 b - a +0 short sword
Missiles
 d - 64 arrows (quivered ammo)
Armour
 c - a +0 leather armour (worn)
 m - a +0 pair of gloves (worn)
 n - a +0 helmet (worn)
Magical Staves
 k - a staff of conjuration
Jewellery
 p - a +6 ring of strength
Scrolls
 e - a scroll of fear {unknown}
 g - 3 scrolls of identify {unknown}
 i - 2 scrolls of magic mapping {unknown}
 o - a scroll of amnesia {unknown}
Potions
 f - 3 potions of mutation {unknown}
 h - a potion of curing {unknown}
 j - a potion of might {unknown}
 l - a potion of heal wounds {unknown}


   Skills:
 - Level 1.7 Fighting
 + Level 4.9 Bows
 - Level 1.7 Dodging
 - Level 0.8 Stealth
 + Level 2.1 Unarmed Combat
 + Level 1.6 Spellcasting
 + Level 1.7 Translocations


You had 5 spell levels left.
You knew the following spells:

 Your Spells              Type           Power      Damage    Failure   Level
a - Blink                 Tloc           14%        N/A       19%         2

Your spell library contained the following spells:

 Spells                   Type           Power      Damage    Failure   Level
 Manifold Assault         Tloc           7%         N/A       98%         5
 Storm Form               Tmut/Air       0%         N/A       100%        7


Dungeon Overview and Level Annotations

Branches:
Dungeon (4/15)
 Temple: D:4-7

Shops:
D:2 =?:=


Innate Abilities, Weirdness & Mutations

You have an increased reservoir of magic. (+10% MP)
You shall have no god before yourself.
Your divine heritage dramatically boosts your attributes as you level up.


Message History

(D) Dungeon
Where to? (Enter - D:3, ? - help)
You see here a +0 dagger.
There is a stone staircase leading down here.
You climb downwards.
The gnoll shouts!
You hear a shout!
There is a stone staircase leading up here.
There are monsters nearby!
You shoot an arrow. The gnoll shouts!
The arrow hits the ogre!
The ogre is moderately wounded.
The ogre hits you with a +0 giant club!
You climb upwards.
There is a stone staircase leading down here.
Fire: 68 arrows
Press: ? - help, Q - select action, (/) - cycle Shift-Dir - straight line, f - ogre
Aim: an ogre, wielding a +0 giant club (moderately wounded, 76% to hit)
You shoot an arrow.
The arrow hits the ogre but does no damage.
The ogre is moderately wounded.
Fire: 67 arrows
Press: ? - help, Q - select action, (/) - cycle Shift-Dir - straight line, f/p - ogre
Aim: an ogre, wielding a +0 giant club (moderately wounded, 76% to hit)
You shoot an arrow. The arrow hits the ogre!
The ogre is severely wounded.
The ogre hits you with a +0 giant club!!
* * * LOW HITPOINT WARNING * * *
Fire: 66 arrows
Press: ? - help, Q - select action, (/) - cycle Shift-Dir - straight line, f/p - ogre
Aim: an ogre, wielding a +0 giant club (severely wounded, 76% to hit)
You shoot an arrow. The arrow hits the ogre.
The ogre is severely wounded.
The ogre closely misses you.
Fire: 65 arrows
Press: ? - help, Q - select action, (/) - cycle Shift-Dir - straight line, f/p - ogre
Aim: an ogre, wielding a +0 giant club (severely wounded, 76% to hit)
You shoot an arrow. The arrow closely misses the ogre.
The ogre hits you with a +0 giant club!!
You die...

########≈≈≈≈≈≈≈≈#..##.# #
###########..##.# #######.#
#...###.##.# ........# #...#
#.##.######### #########
#(..###.##.##......#
........####....##.##.##.###.##
#..####.#.......##.##.##.#...##
....# #.#.##.#.O.#.##.##......#
≈≈≈.###.#.##.#..@#.##.####.#.##
§.≈..##.#.##.#.#.#.##.........#
§.§..##.#....#.#.#.#######.####
§§≈.[##.#....#.#.#...........#
≈.≈§.##.#.##.#.#.#######.###.#
≈§....#....#.#.........)...#.#
≈≈≈.#.###..#.###..##.##.##.#.#
..≈.#.###..#.#<#.........#.#.#
≈.≈........#.#.#.###.#####.#.##


You could see an ogre.

Vanquished Creatures
  A black bear (D:3)
  2 adders (D:3)
  4 gnolls (D:3)
  3 worms (D:3)
  2 orcs
  3 ball pythons
  3 endoplasms
  3 giant cockroaches
  7 goblins
  6 hobgoblins
  4 jackals (D:3)
  4 kobolds
  2 quokkas (D:1)
  4 bats
  3 frilled lizards
  A rat (D:2)
52 creatures vanquished.

Notes
Turn   | Place    | Note
-------+----------+-------------------------------------------
     0 | D:1      | pkoi the Demigod Hunter began the quest for the Orb.
     0 | D:1      | Reached XP level 1. HP: 17/17 MP: 3/3
   532 | D:1      | Reached skill level 4 in Bows
  1154 | D:1      | Reached XP level 2. HP: 21/24 MP: 4/4
  1450 | D:2      | Found Takhopat's Jewellery Shoppe.
  1537 | D:2      | Found Pifot Bae's Book Shop.
  1825 | D:2      | Found Hyukheu's Magic Scroll Emporium.
  1831 | D:2      | Found Ecueg's Jewellery Boutique.
  2688 | D:3      | Reached XP level 3. HP: 12/29 MP: 5/5
  2877 | D:3      | Learned a level 2 spell: Blink
  2901 | D:3      | Reached skill level 1 in Unarmed Combat
  3409 | D:3      | Reached XP level 4. HP: 36/36 MP: 7/7
  3516 | D:3      | Reached skill level 1 in Translocations
  3608 | D:3      | Reached skill level 1 in Spellcasting
  4391 | D:3      | Noticed a black bear
  4407 | D:3      | Killed a black bear
  4408 | D:3      | Reached XP level 5. HP: 39/41 MP: 10/10
  4491 | D:4      | Noticed an ogre
  4498 | D:3      | Slain by an ogre

Illustrated notes

Levels and vault maps discovered:
D:1:      matt_arrival_spirals, layout_basic
D:2:      layout_basic, hellmonk_ecumenical_altar_blasted, serial_shops,
          nicolae_shop_hallway_stairs, shop, shop, shop
D:3:      layout_basic, nicolae_vehumet_altar_sigil,
          mainiacjoe_overflow_catwalk_spiral, kennysheep_generic_room_7
D:4:      layout_cave_pools, serial_shops, nicolae_square_shop,
          minmay_snake_closets

Skill      XL: |  1  2  3  4 |
---------------+-------------+-----
Bows           | 4 |  4.9
Unarmed Combat | 1 2 |  2.1
Translocations | 1 |  1.7
Spellcasting   | 1 |  1.6
Fighting       | |  1.7
Dodging        | |  1.7
Stealth        | |  0.8

Action                   |  1- 3 |  4- 6 || total
-------------------------+-------+-------++-------
Melee: Short sword       |   142 |       ||   142
       Punch             |     4 |       ||     4
 Fire: Shortbow          |    51 |    57 ||   108
Armor: Leather armour    |    55 |     4 ||    59
Dodge: Dodged            |   106 |    12 ||   118
